 Dungeon Crawl Stone Soup version 0.19.5 (webtiles) character file.

77 MirrMurr the Sneak (level 4, -2/21 HPs)
             Began as a Spriggan Enchanter on Mar 5, 2017.
             Was an Initiate of Ashenzari.
             Slain by Robin
             ... wielding a +4 club
              (10 damage)
             ... on level 2 of the Dungeon.
             The game lasted 00:07:05 (3302 turns).

MirrMurr the Sneak (Spriggan Enchanter)             Turns: 3302, Time: 00:07:06

Health: -2/21      AC:  3    Str:  5    XL:     4   Next: 13%
Magic:  3/10       EV: 20    Int: 16    God:    Ashenzari [......]
Gold:   70         SH:  0    Dex: 16    Spells: 4 memorised, 1 level left

rFire  . . .     SeeInvis +     a - +1 dagger
rCold  . . .     Gourm    .     b - +1 robe
rNeg   . . .     Faith    .     (shield restricted)
rPois  .         Spirit   .     (helmet restricted)
rElec  .         Reflect  .     (no cloak)
rCorr  .         Harm     .     (gloves unavailable)
MR     .....                    (boots unavailable)
Stlth  +++.......               (no amulet)
                                (no ring)
                                m - +2 ring of evasion

@: very slightly contaminated, very quick
A: unfitting armour, see invisible, herbivore 3, speed 3, slow metabolism 2
a: Curse Item, Renounce Religion


You were on level 2 of the Dungeon.
You worshipped Ashenzari.
Ashenzari was noncommittal.
You were not hungry.

You visited 1 branch of the dungeon, and saw 2 of its levels.

You collected 70 gold pieces.

Inventory:

Hand Weapons
 a - a +1 dagger (weapon)
Missiles
 o - 8 stones (quivered)
Armour
 b - a +1 robe (worn)
Jewellery
 m - a +2 ring of evasion (left hand)
Scrolls
 e - a scroll of teleportation {unknown}
 f - 4 scrolls of identify {unknown}
 g - a scroll of amnesia {unknown}
 h - a scroll of random uselessness {unknown}
 k - 2 scrolls of blinking
 l - a scroll of magic mapping {unknown}
 r - 3 scrolls of remove curse
Potions
 i - a potion of curing
 j - a potion of mutation {unknown}
 n - a potion of degeneration {unknown}
 p - a potion of magic {unknown}
Books
 c - a book of Maledictions

   Spells                             Type                      Level
   a - Corona                         Hexes                        1
   b - Ensorcelled Hibernation        Hexes/Ice                    2
   c - Confuse                        Hexes                        3
   d - Tukima's Dance                 Hexes                        3
   e - Dazzling Spray                 Conjuration/Hexes            3
Comestibles
 d - 3 bread rations


   Skills:
 + Level 2.2 Short Blades
 - Level 3.0 Dodging
 + Level 5.1 Stealth
 + Level 3.5 Spellcasting
 * Level 4.6 Hexes


You had one spell level left.
You knew the following spells:

 Your Spells              Type           Power        Failure   Level  Hunger
a - Ensorcelled Hibernat  Hex/Ice        ##....       12%         2    ##.....
b - Confuse               Hex            ###.....     12%         3    ###....
c - Tukima's Dance        Hex            ###.....     12%         3    ###....
C - Corona                Hex            ###....      3%          1    None


Dungeon Overview and Level Annotations

Branches:
Dungeon (2/15)

Altars:
Ashenzari
Cheibriados
Gozag
Trog
Xom
Zin

Annotations:
D:2 Robin


Innate Abilities, Weirdness & Mutations

You are very small and have problems with some larger weapons.
You are too small for most types of armour.
You have supernaturally acute eyesight. (SInv)
You are a herbivore.
You cover ground extremely quickly.
You need consume almost no food.


Message History

You hit the goblin.
The goblin is severely wounded.
The goblin misses you.
You hit the goblin.
You kill the goblin!
You see here a scroll labeled NASIFRO GEWUH.
The goblin no longer looks unusually strong.
Robin roars a battlecry!
The goblin goes into a battle-frenzy!
Robin throws the goblin at you!
You closely miss the goblin. The goblin closely misses you.
You hit the goblin but do no damage. The goblin hits you but does no damage.
You closely miss the goblin. The goblin hits you with a club.
You hit the goblin but do no damage. The goblin hits you but does no damage.
You hit the goblin.
The goblin is almost dead.
You closely miss the goblin.
The goblin is almost dead.
The goblin completely misses you. Robin hits you with an enchanted club!
You die...

#.# #.#####.#
..##########.#####.#
........S.S.....##.#
..##########.##.##.#
..# #.......# ...#
####>#### ##.# #.##
...# #g.#
.########### ##@#
...........# #g#
..####.....# #.#
..##.......# #.#
..##.#.....# #.#
#.##.#.....# #.#
#......##### #?#
####.#### #.#
........# #.#


You could see Robin and a goblin.

Vanquished Creatures
  2 adders (D:2)
  2 worms (D:2)
  2 dart slugs (D:1)
  A bat (D:2)
  4 giant cockroaches
  8 goblins
  7 hobgoblins
  6 jackals
  9 kobolds
  4 rats
45 creatures vanquished.

Notes
Turn   | Place    | Note
-------+----------+-------------------------------------------
     0 | D:1      | MirrMurr the Spriggan Enchanter began the quest for the Orb.
     0 | D:1      | Reached XP level 1. HP: 9/9 MP: 5/5
   611 | D:1      | Reached XP level 2. HP: 8/13 MP: 6/6
   619 | D:1      | Learned a level 2 spell: Ensorcelled Hibernation
  1795 | D:2      | Found a snail-covered altar of Cheibriados.
  1795 | D:2      | Found a shattered altar of Ashenzari.
  1796 | D:2      | Found a glowing silver altar of Zin.
  1815 | D:2      | Became a worshipper of Ashenzari the Shackled
  1835 | D:2      | Reached XP level 3. HP: 14/16 MP: 4/8
  2017 | D:2      | Found an opulent altar of Gozag.
  2017 | D:2      | Found a shimmering altar of Xom.
  2018 | D:2      | Found a bloodstained altar of Trog.
  2044 | D:2      | Reached skill level 5 in Stealth
  2608 | D:2      | Noticed Robin
  2639 | D:2      | Learned a level 3 spell: Confuse
  3053 | D:2      | Reached XP level 4. HP: 10/21 MP: 2/10
  3058 | D:2      | Learned a level 3 spell: Tukima's Dance
  3302 | D:2      | Slain by Robin

Skill      XL: |  1  2  3 |
---------------+----------+-----
Hexes          | 4 |  4.6
Stealth        | 5 |  5.1
Short Blades   | 2 |  2.2
Spellcasting   | 3 |  3.5
Dodging        | |  3.0

Action                   |  1- 3 |  4- 6 || total
-------------------------+-------+-------++-------
Melee: Dagger            |   176 |    37 ||   213
 Cast: Ensorcelled Hiber |    26 |     4 ||    30
       Confuse           |     1 |       ||     1
  Use: Scroll            |     2 |       ||     2
 Stab: Sleeping          |    19 |     1 ||    20
  Eat: Bread ration      |     1 |       ||     1
Armor: Robe              |    18 |     7 ||    25
Dodge: Dodged            |   113 |    28 ||   141
